 Dungeon Crawl Stone Soup version 0.18-a0-1542-g9c1a92e (webtiles) character file.

3007 Kidiri the Thaumaturge (level 9, -3/51 HPs)
             Began as a Deep Elf Fire Elementalist on Mar 10, 2016.
             Was a Priest of Vehumet.
             Shot with a sling bullet by Joseph (9 damage)
             ... on level 7 of the Dungeon.
             The game lasted 00:36:54 (10791 turns).

Kidiri the Thaumaturge (DEFE)                      Turns: 10791, Time: 00:36:54

Health: -3/51      AC:  3    Str:  5    XL:     9   Next: 54%
Magic:  1/24       EV: 15    Int: 24    God:    Vehumet [***...]
Gold:   184        SH:  0    Dex: 15    Spells: 8 memorised, 6 levels left

rFire  . . .     SeeInvis .     m - +1 dagger (drain)
rCold  . . .     Gourm    .     a - +0 robe
rNeg   . . .     Faith    .     (no shield)
rPois  .         Spirit   .     (no helmet)
rElec  .         Dismiss  .     x - +0 cloak
rCorr  .         Reflect  .     (no gloves)
SustAt .         Harm     .     (no boots)
MR     .....                    (no amulet)
Stlth  +++.......               (no ring)
                                g - ring of wizardry

@: very slightly contaminated, not resistant to hostile enchantments, fairly
stealthy
A: no striking features
a: Renounce Religion


You were on level 7 of the Dungeon.
You worshipped Vehumet.
Vehumet was most pleased with you.
You were hungry.

You visited 2 branches of the dungeon, and saw 8 of its levels.
You also visited: Ossuary.

You collected 420 gold pieces.
You spent 236 gold pieces at shops.

Inventory:

Hand Weapons
 m - a +1 dagger of draining (weapon)
Missiles
 h - a throwing net (quivered)
Armour
 a - a +0 robe (worn)
 x - a +0 cloak (worn)
Jewellery
 g - a ring of wizardry (left hand)
Wands
 e - a wand of polymorph (13/24)
Scrolls
 j - a scroll of immolation {unknown}
 k - a scroll of magic mapping
 n - 2 scrolls of recharging {unknown}
 o - 5 scrolls of teleportation
 q - 6 scrolls of remove curse
 r - a scroll of brand weapon {unknown}
 s - 2 scrolls of enchant weapon {unknown}
 y - 2 scrolls of noise {unknown}
 A - a scroll of amnesia
 C - a scroll of enchant armour {unknown}
 F - a scroll of fear {unknown}
 H - a scroll of torment {unknown}
Potions
 d - a potion of berserk rage
 f - a potion of invisibility {unknown}
 l - 2 potions of might
 p - a potion of flight
 t - a potion of ambrosia
 u - a potion of heal wounds {unknown}
 v - a potion of beneficial mutation {unknown}
 w - 3 potions of agility {unknown}
 z - a potion of cancellation {unknown}
 B - a potion of magic {unknown}
 D - 2 potions of haste {unknown}
Books
 b - a book of Flames

   Spells                             Type                      Level
   a - Flame Tongue                   Conjuration/Fire             1
   b - Throw Flame                    Conjuration/Fire             2
   c - Conjure Flame                  Conjuration/Fire             3
   d - Inner Flame                    Hexes/Fire                   3
   e - Sticky Flame                   Conjuration/Fire             4
   f - Fireball                       Conjuration/Fire             5
Comestibles
 c - 5 bread rations
 G - a meat ration


   Skills:
 + Level 3.2 Fighting
 + Level 5.8 Dodging
 + Level 6.3 Stealth
 * Level 9.0 Spellcasting
 + Level 5.2 Conjurations
 + Level 5.6 Hexes
 * Level 6.7 Fire Magic
 + Level 2.0 Air Magic
 + Level 0.9 Earth Magic


You had 6 spell levels left.
You knew the following spells:

 Your Spells              Type           Power        Failure   Level  Hunger
a - Flame Tongue          Conj/Fire      #####        1%          1    None
b - Throw Flame           Conj/Fire      #####.       1%          2    None
c - Conjure Flame         Conj/Fire      #####...     1%          3    None
d - Inner Flame           Hex/Fire       #####...     1%          3    None
e - Sticky Flame          Conj/Fire      #####...     1%          4    ##.....
f - Fireball              Conj/Fire      #####.....   2%          5    ####...
g - Shock                 Conj/Air       ####         1%          1    None
h - Sandblast             Erth           ###...       1%          1    None


Dungeon Overview and Level Annotations

Branches:
Dungeon (7/15)             Temple (1/1) D:4

Altars:
Ashenzari
Cheibriados
Dithmenos
Elyvilon
Fedhas
Gozag
Kikubaaqudgha
Makhleb
Nemelex Xobeh
Okawaru
Pakellas
Qazlal
Ru
Sif Muna
Trog
Vehumet
Xom
Yredelemnul
Zin
The Shining One

Shops:
D:5 :*((%   D:6 *

Annotations:
D:7 Joseph


Message History

Confirm with . or Enter, or press ? or * to list all spells.
Aiming: Flame Tongue
Press: ? - help, Shift-Dir - straight line, f/p - Joseph
Aim: Joseph, wielding a hunting sling of flaming and wearing a leather armour (severely wounded)
The flame tongue hits Joseph.
Joseph is almost dead.
Joseph shoots a sling bullet.
The sling bullet hits you!
* * * LOW HITPOINT WARNING * * *
The sling bullet burns you.
* * * LOW HITPOINT WARNING * * *
Drink which item? (? for menu, Esc to quit)
You feel better.
Joseph shoots a sling bullet.
The sling bullet hits you.
* * * LOW HITPOINT WARNING * * *
The sling bullet burns you.
* * * LOW HITPOINT WARNING * * *
Drink which item? (? for menu, Esc to quit)
You feel better.
Joseph shoots a sling bullet.
The sling bullet hits you!!
* * * LOW HITPOINT WARNING * * *
The sling bullet burns you!
You die...

*#..#.##*,.,,,* *,,*,,* #.#
*#..##,+,*.*,* *####**** #.#
##..##*.*,*.* *...* *,* #.#
##..##.....* *...* *,* #.#
####..#.....***#.#* *.# ###.#
#...........,* #.# *.###...###
#.###..(....####.####.#........
#.##*.#...............#.#.#####
###..##.###..(..@..@....#.#<#
...≈≈≈≈≈≈≈≈≈.#####.###.##.#.#
...≈#≈≈≈≈≈#≈.# #.##...@...#
.##≈#≈###≈#≈.#* #.##(.##...#
...≈#≈≈≈≈≈#≈#.####.##..##...#
...≈≈≈≈≈≈≈≈≈##.....##..##...#
.#.####.#.###...............#
...# #.#..#..########.###.##
...# #.#.#.#.# ***###**.#


You could see Joseph.

Vanquished Creatures
  Pikel (Temple)
  Grinder (D:6)
  Menkaure (D:5)
  The ghost of Kidiri the Magician, an amateur DEFE (D:6)
  A water moccasin (D:6)
  Duvessa (D:6)
  2 ice beasts
  A phantom (D:4)
  2 slaves
  A centaur (D:4)
  An ogre (D:4)
  An elf zombie (Ossuary)
  3 giant frogs
  Blork the orc (D:6)
  Dowan (D:6)
  A scorpion (D:3)
  A troll zombie (Ossuary)
  2 howler monkeys
  An electric eel (D:7)
  3 crimson imps
  3 centaur zombies (Ossuary)
  A giant frog zombie (D:6)
  A jelly (D:7)
  Crazy Yiuf (D:6)
  An orc priest (D:3)
  An orc wizard (D:6)
  Ijyb (D:2)
  An iguana (D:5)
  2 worker ants
  An ogre zombie (Ossuary)
  A big kobold zombie (Ossuary)
  2 hound skeletons
  8 mummies
  A howler monkey zombie (D:6)
  The ghost of Ratboiler the Magician, a weakling FeWn (D:3)
  Robin (D:4)
  6 adders
  8 gnolls
  A shadow imp (D:6)
  2 oozes
  2 adder zombies (Ossuary)
  4 worms
  4 dart slugs
  5 giant geckos
  8 orcs
  A ball python (D:3)
  3 giant cockroaches
  2 gnoll zombies (Ossuary)
  13 goblins
  10 hobgoblins
  6 jackals
  2 quokkas
  9 bats
  A giant gecko skeleton (D:7)
  6 giant newts
  6 goblin zombies (Ossuary)
  3 hobgoblin zombies (Ossuary)
  A jackal skeleton (D:3)
  8 kobolds
  3 kobold zombies (Ossuary)
  An orc zombie (Ossuary)
  A quokka skeleton (D:5)
  3 quokka zombies (Ossuary)
  13 rats
  3 rat zombies (Ossuary)
189 creatures vanquished.

Vanquished Creatures (others)
  5 toadstools (D:1)
5 creatures vanquished.

Grand Total: 194 creatures vanquished

Notes
Turn   | Place    | Note
--------------------------------------------------------------
     0 | D:1      | Kidiri the Deep Elf Fire Elementalist began the quest for the Orb.
     0 | D:1      | Reached XP level 1. HP: 10/10 MP: 6/6
   295 | D:1      | Reached XP level 2. HP: 15/15 MP: 6/8
   301 | D:1      | Learned a level 2 spell: Throw Flame
   975 | D:1      | Reached XP level 3. HP: 19/19 MP: 5/10
   980 | D:1      | Learned a level 3 spell: Conjure Flame
   984 | D:1      | Learned a level 3 spell: Inner Flame
  1765 | D:2      | Noticed Ijyb
  1773 | D:2      | Killed Ijyb
  1773 | D:2      | Reached skill level 4 in Spellcasting
  1773 | D:2      | Reached skill level 1 in Hexes
  1773 | D:2      | Reached XP level 4. HP: 19/24 MP: 6/12
  1878 | D:2      | Found a shimmering altar of Xom.
  1880 | D:2      | Found a shimmering altar of Xom.
  1881 | D:2      | Found a shimmering altar of Xom.
  1883 | D:2      | Found a shimmering altar of Xom.
  1886 | D:2      | Found a shimmering altar of Xom.
  2487 | D:2      | Reached XP level 5. HP: 28/28 MP: 4/13
  2804 | D:2      | Learned a level 4 spell: Sticky Flame
  3054 | D:3      | Noticed Ratboiler's ghost (weakling FeWn)
  3058 | D:3      | Killed Ratboiler's ghost
  3068 | D:3      | Found an ancient bone altar of Kikubaaqudgha.
  3376 | D:3      | Reached skill level 1 in Fighting
  3472 | D:3      | Found a glowing golden altar of the Shining One.
  3671 | D:3      | Reached skill level 5 in Spellcasting
  3704 | D:3      | Found a burning altar of Makhleb.
  3705 | D:3      | Found a radiant altar of Vehumet.
  3706 | D:3      | Found a bloodstained altar of Trog.
  3708 | D:3      | Found a snail-covered altar of Cheibriados.
  3708 | D:3      | Found a sparkling altar of Nemelex Xobeh.
  3714 | D:3      | Became a worshipper of Vehumet
  3969 | D:3      | Reached XP level 6. HP: 34/34 MP: 2/15
  4227 | D:4      | Noticed a slave
  4231 | D:4      | Noticed Pikel
  4232 | D:4      | Noticed a slave
  4250 | D:4      | Noticed a slave
  4490 | D:4      | Noticed a slave
  4497 | D:3      | Killed a slave
  4847 | D:4      | Found a blossoming altar of Fedhas.
  5169 | D:4      | Noticed Robin
  5188 | D:4      | Killed Robin
  5209 | D:4      | Found a staircase to the Ecumenical Temple.
  5245 | D:4      | Reached XP level 7. HP: 21/39 MP: 0/17
  5390 | Temple   | Entered the Ecumenical Temple
  5647 | D:4      | Reached skill level 6 in Spellcasting
  5689 | D:4      | Learned a level 5 spell: Fireball
  6054 | Temple   | Killed Pikel
  6054 | Temple   | Reached skill level 5 in Stealth
  6054 | Temple   | Reached skill level 7 in Spellcasting
  6054 | Temple   | Reached skill level 5 in Fire Magic
  6054 | Temple   | Reached XP level 8. HP: 27/45 MP: 5/20
  6354 | D:5      | Entered Level 5 of the Dungeon
  6489 | D:5      | Found a shadowy altar of Dithmenos.
  6528 | D:5      | Found Jaaruef's Antique Weapon Boutique.
  6677 | D:5      | Found Ucziv's Food Shoppe.
  6714 | D:5      | Found Puloweu's Antique Weapon Shop.
  6755 | D:5      | Found Aruigy's Assorted Antiques.
  6766 | D:5      | Bought a scroll of teleportation for 75 gold pieces
  6766 | D:5      | Bought a white potion for 22 gold pieces
  6766 | D:5      | Bought a scroll of identify for 50 gold pieces
  6766 | D:5      | Bought a metallic silvery potion for 22 gold pieces
  6766 | D:5      | Bought 2 fizzy clear potions for 45 gold pieces
  6766 | D:5      | Bought a cyan potion for 22 gold pieces
  6801 | D:5      | Noticed Menkaure
  6806 | D:5      | Killed Menkaure
  6999 | D:5      | Found Vuetis's Book Shop.
  7509 | D:6      | Reached skill level 5 in Dodging
  7632 | D:6      | Noticed Dowan
  7636 | D:6      | Noticed Duvessa
  7653 | D:6      | Killed Duvessa
  7653 | D:6      | Killed Dowan
  7653 | D:6      | Reached * piety under Vehumet
  7653 | D:6      | Offered knowledge of Shock by Vehumet.
  7873 | D:6      | Reached skill level 8 in Spellcasting
  8077 | D:6      | Found Etuth's General Store.
  8093 | D:6      | Learned a level 1 spell: Shock
  8277 | D:6      | Noticed Grinder
  8287 | D:6      | Killed Grinder
  8287 | D:6      | Reached skill level 1 in Air Magic
  8287 | D:6      | Reached XP level 9. HP: 20/50 MP: 13/23
  8582 | D:6      | Noticed Crazy Yiuf
  8587 | D:6      | Killed Crazy Yiuf
  8587 | D:6      | Reached skill level 5 in Hexes
  8709 | D:6      | Noticed Blork the orc
  8720 | D:6      | Killed Blork the orc
  9008 | D:6      | Noticed Kidiri's ghost (amateur DEFE)
  9068 | D:6      | Killed Kidiri's ghost
  9555 | D:7      | Found a sand-covered staircase.
  9662 | Ossuary  | Entered an ossuary
  9724 | Ossuary  | Offered knowledge of Sandblast by Vehumet.
  9725 | Ossuary  | Reached ** piety under Vehumet
  9742 | Ossuary  | Learned a level 1 spell: Sandblast
 10166 | Ossuary  | Offered knowledge of Ignite Poison by Vehumet.
 10309 | Ossuary  | Reached skill level 9 in Spellcasting
 10390 | D:7      | Noticed Joseph
 10404 | D:7      | Reached skill level 5 in Conjurations
 10414 | D:7      | HP: 1/51 [Joseph/sling bullet (3)]
 10692 | D:7      | Reached *** piety under Vehumet
 10791 | D:7      | Shot with a sling bullet by Joseph

Vault maps used:
D:1:      ldierk_walled_garden, serial_park_tiny_1
D:2:      first_bread, xom_redecorated, uniq_iyjb
D:3:      nicolae_overflow_crystal_walls, grunt_temple_overflow_open,
          kiku_gazebo_pond_becter
D:4:      minmay_temple_entry_statues_fountains, fedhas_bush_and_centaur_altar,
          uniq_robin, uniq_pikel
D:5:      grunt_dithmenos_smoke, serial_shops, shop, shop,
          nicolae_shop_temple_entry_statues_fountains, kennysheep_mini, shop,
          bh_walls_and_bars, uniq_menkaure
D:6:      serial_shops, shop, uniq_crazy_yiuf_cottage, uniq_blork_the_orc,
          uniq_grinder, uniq_duvessa
D:7:      kennysheep_little_box, nicolae_ossuary_entry_giza, grunt_livestock,
          minmay_crystal_water, uniq_joseph
Temple:   triangle_lava_temple_11
Ossuary:  ossuary_boxes_badplayer

Skill      XL: |  1  2  3  4  5  6  7  8  9 |
---------------+----------------------------+-----
Dodging        | 3 4 5 |  5.8
Stealth        | 3 4 5 6 |  6.3
Spellcasting   | 4 5 7 8 9 |  9.0
Hexes          | 1 2 3 4 5 |  5.6
Fire Magic     | 4 5 6 |  6.7
Fighting       | 1 2 3 |  3.2
Conjurations   | 2 3 4 5 |  5.2
Air Magic      | 1 2 |  2.0
Earth Magic    | |  0.9

Action                   |  1- 3 |  4- 6 |  7- 9 || total
-------------------------+-------+-------+-------++-------
Melee: Dagger            |    13 |    17 |   217 ||   247
       Unarmed           |       |     6 |       ||     6
 Cast: Flame Tongue      |    56 |    66 |   123 ||   245
       Throw Flame       |    16 |    33 |    46 ||    95
       Conjure Flame     |       |     6 |    13 ||    19
       Inner Flame       |       |     3 |     3 ||     6
       Sticky Flame      |       |     6 |    18 ||    24
       Shock             |       |       |     5 ||     5
       Fireball          |       |       |     4 ||     4
       Sandblast         |       |       |     2 ||     2
  Use: Scroll            |       |    10 |     5 ||    15
       Potion            |       |     1 |     7 ||     8
 Stab: Sleeping          |     3 |     3 |    19 ||    25
  Eat: Chunk             |     3 |     9 |     4 ||    16
       Fruit             |       |     3 |       ||     3
       Beef jerky        |       |       |     4 ||     4
       Meat ration       |       |       |     1 ||     1
       Bread ration      |       |       |     1 ||     1
